 Dungeon Crawl Stone Soup version 0.31-a0-150-g89dc3ad700 (webtiles) character file.

Game seed: 5367374250024964643

406 qw the Shooter (level 6, -3/38 HPs)
             Began as a Gargoyle Hunter on June 8, 2023.
             Slain by an orc warrior
             ... wielding a +0 long sword
              (7 damage)
             ... on level 4 of the Dungeon.
             The game lasted 00:01:09 (2707 turns).

qw the Shooter (Gargoyle Hunter)                    Turns: 2707, Time: 00:01:10

Health: -3/38      AC: 12    Str: 17    XL:     6   Next: 87%
Magic:  6/6        EV: 11    Int:  9    God:
Gold:   240        SH:  0    Dex: 15    Spells: 5/5 levels left

rFire   . . .        e - +7 longbow of Afoidox {freeze, rN+}
rCold   + . .        (shield currently unavailable)
rNeg    + + .        o - +0 ring mail
rPois   inf          (no helmet)
rElec   +            d - +0 cloak
rCorr   .            (no gloves)
SInv    .            l - +1 pair of boots
Will    .....        (no amulet)
Stlth   +            n - +2 ring of strength
HPRegen 0.26/turn    p - ring of protection from cold
MPRegen 0.10/turn

%: clarity
@: mighty, about to teleport
A: sickness immunity, AC +4, negative energy resistance 1, electricity
resistance, torment resistance 1, petrification resistance, clarity
a: no special abilities


You were on level 4 of the Dungeon.
You visited 2 branches of the dungeon, and saw 5 of its levels.

You collected 273 gold pieces.
You spent 33 gold pieces at shops.


Innate Abilities, Weirdness & Mutations

You are immune to sickness and miasma.
Your stone body is resilient. (AC +4)
You are immune to poison.
You resist negative energy. (rN+)
You are resistant to electric shocks. (rElec)
You are resistant to unholy torment.
You are immune to petrification.
You possess an exceptional clarity of mind.


   Skills:
 - Level 4.0 Fighting
 - Level 7.0 Ranged Weapons
 + Level 1.9 Armour
 - Level 1.5 Dodging
 - Level 1.1 Stealth


You had 5 spell levels left.
You didn't know any spells.
Your spell library was empty.

Inventory:

Hand Weapons
 e - the +7 longbow of Afoidox (weapon) {freeze, rN+}
   (You acquired it on level 2 of the Dungeon)

   rN:        It protects you from negative energy.
Armour
 d - a +0 cloak (worn)
 l - a +1 pair of boots (worn)
 o - a +0 ring mail (worn)
Jewellery
 i - a ring of ice
 j - a ring of fire
 n - a +2 ring of strength (left hand)
 p - a ring of protection from cold (right hand)
Scrolls
 a - a scroll of identify
Potions
 b - a potion of cancellation
 c - a potion of mutation
 f - 4 potions of curing
 h - 2 potions of haste
 k - a potion of might

Dungeon Overview and Level Annotations

Branches:
Dungeon (4/15)             Temple (1/1) D:4

Altars:
Elyvilon
Gozag
Hepliaklqana
Nemelex Xobeh
Ru
Uskayaw
Xom
Yredelemnul
Zin

Shops:
D:2 =

Annotations:
D:3 1 runed translucent door, Crazy Yiuf
D:4 2 runed translucent doors


Message History

Enter note:
Enter note:
Enter note:
Enter note:
Enter note: You shoot an arrow.
The orc warrior shouts!
The arrow hits the orc warrior.
The arrow freezes the orc warrior.
The orc warrior is lightly wounded.
You shoot an arrow.
The arrow closely misses the orc warrior.
You shoot an arrow.
The arrow closely misses the orc warrior.
You shoot an arrow.
The arrow closely misses the orc warrior.
You shoot an arrow. The arrow hits the orc warrior.
The arrow freezes the orc warrior.
The orc warrior is lightly wounded.
The orc warrior hits you but does no damage.
The orc warrior hits you with a +0 long sword.
You shoot an arrow. The arrow hits the orc warrior.
The arrow freezes the orc warrior.
The orc warrior is moderately wounded.
The orc warrior hits you with a +0 long sword!
You shoot an arrow. The arrow hits the orc warrior.
The arrow freezes the orc warrior.
The orc warrior is heavily wounded.
The orc warrior hits you with a +0 long sword!
The orc warrior hits you with a +0 long sword.
You shoot an arrow.
The arrow completely misses the orc warrior.
The orc warrior hits you with a +0 long sword.
You shoot an arrow.
The arrow barely misses the orc warrior.
The orc warrior hits you with a +0 long sword!
2707 ||| READING scroll of teleportation.
As you read the scroll of teleportation, it crumbles to dust.
You feel strangely unstable.
The orc warrior hits you with a +0 long sword!
You die...

#.............. #........
#.........##.## .........
#.............. ..# #.......
#.......).##..# .#.........
#/........# .# ....##......
#.........###.#...#.##......
#........<#........ ).$.....
#.......<.#o.....#.##.h.....
#.........#@....... #..)###)
#####..#.........#.
##ยค..... ###.#.........#.
#...#..
##.....#.##.####.###.#.#..
######..#.##..##.#
#..##.#....
#................#
#..##.###..
#..........####..#
#.##...#.. #............# ..
#...##.#.. #........###.#
#.####...##.#..


You could see an orc warrior.

Vanquished Creatures
  A phantom (D:4)
  A hound (D:4)
  2 orc priests (D:4)
  An iguana (D:3)
  An orc wizard (D:3)
  3 gnolls (D:4)
  5 adders
  2 ufetubi
  A dart slug (D:2)
  7 orcs
  6 endoplasms
  6 giant cockroaches
  2 goblins (D:3)
  10 hobgoblins
  16 jackals
  7 kobolds
  7 quokkas
  2 ball pythons (D:3)
  7 bats
  4 frilled lizards
  6 rats
97 creatures vanquished.

Notes
Turn   | Place    | Note
-------+----------+-------------------------------------------
     0 | D:1      | qw the Gargoyle Hunter began the quest for the Orb.
     0 | D:1      | Reached XP level 1. HP: 12/12 MP: 1/1
     0 | D:1      | 0 ||| qw: Version: 0.2-a-120-gdf1a93b
     0 | D:1      | 0 ||| qw: Game counter: 2996
     0 | D:1      | 0 ||| qw: Always use a shield: true
     0 | D:1      | 0 ||| qw: God list: Okawaru
     0 | D:1      | 0 ||| qw: Allow faded altars: false
     0 | D:1      | 0 ||| qw: Do Orc after D:15 true
     0 | D:1      | 0 ||| qw: Do second Lair branch before Depths: true
     0 | D:1      | 0 ||| qw: Lair rune preference: random
     0 | D:1      | 0 ||| qw: Plans: Normal
     0 | D:1      | 0 ||| PLANNING D:1-11
    68 | D:1      | Reached XP level 2. HP: 6/17 MP: 2/2
   244 | D:1      | Reached XP level 3. HP: 16/21 MP: 3/3
   340 | D:1      | Reached skill level 5 in Ranged Weapons
   793 | D:1      | 793 ||| UPGRADING to +0 cloak.
   798 | D:1      | 798 ||| UPGRADING to +1 pair of boots.
   803 | D:1      | 803 ||| READING 3 scrolls labelled ZUDEUT XIMA.
   804 | D:1      | 804 ||| READING scroll labelled DOIPTUKK YXECK.
   805 | D:1      | 805 ||| READING scroll labelled JETOPTUAST.
   806 | D:1      | 806 ||| DRINKING 2 grey potions.
   807 | D:1      | 807 ||| DRINKING 2 smoky golden potions.
   808 | D:1      | 808 ||| READING 2 scrolls of identify.
   808 | D:1      | 808 ||| IDENTIFYING glowing clear potion
   809 | D:1      | 809 ||| DROPPING scroll of butterflies.
   810 | D:1      | 810 ||| DROPPING potion of attraction.
   873 | D:2      | Reached skill level 3 in Fighting
   927 | D:2      | Reached XP level 4. HP: 28/28 MP: 4/4
   936 | D:2      | Reached skill level 1 in Armour
  1256 | D:2      | Found Wifumo's One-of-a-Kind Rings.
  1261 | D:2      | 1261 ||| BUYING +2 ring of strength (33 gold).
  1261 | D:2      | Bought a +2 ring of strength for 33 gold pieces
  1261 | D:2      | 1261 ||| SHOPLISTING +6 ring of protection (858 gold, have
                  | 76).
  1261 | D:2      | 1261 ||| SHOPLISTING +8 ring of evasion (858 gold, have
                  | 76).
  1261 | D:2      | 1261 ||| SHOPLISTING +9 ring of dexterity (858 gold, have
                  | 76).
  1261 | D:2      | 1261 ||| SHOPLISTING ring "Toduveb" {Ice Str-3 Int+4} (375
                  | gold, have 76).
  1269 | D:2      | 1269 ||| UPGRADING to +2 ring of strength.
  1270 | D:2      | 1270 ||| READING scroll labelled WUMUETHROLLI.
  1270 | D:2      | Identified a scroll of acquirement
  1270 | D:2      | 1270 ||| ACQUIRING +7 longbow of Afoidox {freeze, rN+}
  1270 | D:2      | Acquired the +7 longbow of Afoidox {freeze, rN+}
  1272 | D:2      | 1272 ||| SWAPPING to +7 longbow of Afoidox {freeze, rN+}.
  1273 | D:2      | 1273 ||| DROPPING +1 shortbow.
  1274 | D:2      | 1274 ||| READING scroll labelled TOXUSY VEUSILA.
  1279 | D:2      | 1279 ||| READING scroll labelled SUNAT MAMU.
  1280 | D:2      | 1280 ||| READING scroll labelled HATAHU ZESOIXO.
  1515 | D:3      | Reached XP level 5. HP: 32/32 MP: 5/5
  1661 | D:3      | Reached skill level 6 in Ranged Weapons
  2064 | D:3      | Found a runed translucent door.
  2065 | D:3      | Noticed Crazy Yiuf
  2274 | D:3      | 2274 ||| UPGRADING to +0 ring mail.
  2284 | D:3      | 2284 ||| DROPPING +0 leather armour.
  2285 | D:3      | 2285 ||| UPGRADING to ring of protection from cold.
  2286 | D:3      | 2286 ||| READING 3 scrolls labelled QAENIE PODGH.
  2287 | D:3      | 2287 ||| READING 3 scrolls of identify.
  2287 | D:3      | 2287 ||| IDENTIFYING silvery potion
  2288 | D:3      | 2288 ||| READING 2 scrolls of identify.
  2288 | D:3      | 2288 ||| IDENTIFYING smoky sapphire potion
  2289 | D:3      | 2289 ||| DROPPING potion of berserk rage.
  2290 | D:3      | 2290 ||| DROPPING 2 scrolls of amnesia.
  2311 | D:4      | Found a large runed translucent door.
  2311 | D:4      | Found a large runed translucent door.
  2353 | D:4      | Found a staircase to the Ecumenical Temple.
  2354 | D:4      | 2354 ||| PLANNING TEMPLE
  2354 | D:4      | 2354 ||| DRINKING 2 white potions.
  2354 | D:4      | Gained mutation: You possess an exceptional clarity of
                  | mind. [potion of mutation]
  2361 | Temple   | Entered the Ecumenical Temple
  2430 | Temple   | 2430 ||| PLANNING D:1-11
  2472 | D:4      | Reached XP level 6. HP: 38/38 MP: 6/6
  2486 | D:4      | Found a basalt altar of Yredelemnul.
  2492 | D:4      | HP: 7/38 [orc/+0 flail (7)]
  2493 | D:4      | 2493 ||| READING 2 scrolls of teleportation.
  2493 | D:4      | HP: 3/38 [orc/+0 flail (5)]
  2495 | D:4      | Reached skill level 7 in Ranged Weapons
  2502 | D:4      | 2502 ||| FLEEEEING.
  2503 | D:4      | 2503 ||| FLEEEEING.
  2513 | D:4      | 2513 ||| STAIRDANCE
  2673 | D:3      | 2673 ||| DRINKING 2 ruby potions.
  2697 | D:4      | Noticed an orc warrior
  2706 | D:4      | HP: 4/38 [orc warrior/+0 long sword (8)]
  2707 | D:4      | 2707 ||| READING scroll of teleportation.
  2707 | D:4      | Slain by an orc warrior

Levels and vault maps discovered:
D:1:      saegor_arrival_simple_d, layout_loops_ring, hangedman_decor_growths
D:2:      layout_rooms, nicolae_shop_unique_rings, minmay_misc_feat_hallway
D:3:      layout_loops_ring, minmay_joined_circles, uniq_crazy_yiuf_cottage
D:4:      layout_rooms, mainiacjoe_overflow_concentric_impassable,
          kennysheep_mini_moat, lemuel_mausoleum_altar_kikubaaqudgha,
          minmay_temple_entry_hall, ebering_ghost_disaster_area,
          hangedman_abyss_or_decor_lesser_grid
Temple:   nicolae_temple_colour_theory

Skill      XL: |  1  2  3  4  5  6 |
---------------+-------------------+-----
Ranged Weapons | 5 6 7 |  7.0
Fighting       | 3 4 |  4.0
Armour         | 1 |  1.9
Dodging        | |  1.5
Stealth        | |  1.1

Action                     |  1- 3 |  4- 6 || total
---------------------------+-------+-------++-------
   Fire: Shortbow          |   116 |    33 ||   149
         Longbow           |       |    92 ||    92
    Use: Scroll            |     4 |     9 ||    13
         Potion            |     2 |     2 ||     4
 Armour: Leather armour    |    32 |    33 ||    65
         Ring mail         |       |    36 ||    36
  Dodge: Dodged            |    68 |    54 ||   122

Table legend:
 A = Non-vault XP
 B = Vault XP
 C = Vault XP percentage of total XP
 D = Non-vault monster count
 E = Vault monster count
 F = Vault count percentage of total count
                 A         B        C        D         E       F
            +---------+---------+-------+---------+---------+-------
      Total |     517 |      63 |  10.9 |      83 |      14 |  14.4
            +---------+---------+-------+---------+---------+-------
        D:1 |      56 |       0 |   0.0 |      30 |       0 |   0.0
        D:2 |      52 |       0 |   0.0 |      16 |       0 |   0.0
        D:3 |     110 |      63 |  36.4 |      22 |      14 |  38.9
        D:4 |     299 |       0 |   0.0 |      15 |       0 |   0.0
            +---------+---------+-------+---------+---------+-------
